AoeStats
← Owen Waltz

African Clearing

510453831Analyzed
2v2 RM · 15h ago on Oct 1, 2026· 64m 56s· 4 players
Game mode
Random Map
Map size
Medium (4 player)
Population
200
Speed
Normal
Resources
Standard
Victory
Conquest
Starting age
Dark Age
Ending age
Imperial Age
RankedLock teamsTeams togetherTeam positionsShared explorationLock speedFull tech treeHidden civsTurbo modeCheats
Victory
Defeat
🇲🇽 Varangians · Mexico
1170
+16
🇲🇽 Wei · Mexico
1047
+20
🇲🇽 Japanese · Mexico
1156
-18
🇲🇽 Khitans · Mexico
1156
-18
AlexSk8
5:05 Loom
13:11 Feudal Age
13:14 Man-at-Arms
21:57 Castle Age
20:35 Arson
20:57 Scale Mail Armor
23:13 Double-Bit Axe
23:51 Gambesons
24:18 Long Swordsman
30:29 Pikeman
38:10 Squires
45:32 Imperial Age
45:13 Chain Mail Armor
45:09 Forging
47:13 Plate Mail Armor
47:05 Conscription
47:43 Padded Archer Armor
47:33 Fletching
48:15 Elite Skirmisher
49:03 Bodkin Arrow
52:31 Leather Archer Armor
53:12 Halberdier
57:20 Bow Saw
58:04 Bracer
59:54 Wheelbarrow
Owen Waltz
13:08 Loom
15:09 Feudal Age
17:24 Forging
19:21 Man-at-Arms
25:23 Arson
26:06 Scale Mail Armor
31:00 Castle Age
30:18 Wheelbarrow
31:31 Scale Barding Armor
32:49 Double-Bit Axe
42:09 Wheelbarrow
45:24 Imperial Age
45:39 Imperial Age
43:43 Hand Cart
43:14 Town Watch
45:50 Bow Saw
45:44 Heavy Camel Rider
52:05 Iron Casting
51:51 Chain Barding Armor
[IMa]Marinho
7:37 Loom
7:46 Loom
7:51 Loom
11:53 Feudal Age
12:21 Double-Bit Axe
13:55 Horse Collar
18:02 Bloodlines
24:04 Castle Age
23:15 Forging
23:23 Scale Barding Armor
25:21 Iron Casting
25:33 Husbandry
28:45 Gold Mining
28:51 Stone Mining
29:13 Bow Saw
33:15 Chain Barding Armor
33:56 Heavy Plow
35:13 Stone Shaft Mining
35:33 Gambesons
35:50 Squires
43:26 Imperial Age
41:32 Wheelbarrow
40:42 Town Watch
41:54 Arson
42:11 Scale Mail Armor
42:01 Fletching
43:55 Hand Cart
43:20 Vendel Legacy
44:32 Conscription
46:54 Blast Furnace
46:49 Town Patrol
48:00 Ballistics
48:41 Chemistry
48:59 Plate Barding Armor
48:41 Chain Mail Armor
48:23 Bodkin Arrow
48:04 Cavalier
50:10 Two-Man Saw
49:41 Crop Rotation
53:20 Cranequins
55:37 Heavy Mounted Crossbowman
60:48 Elite Jarl
63:39 Chain Mail Armor
63:25 Bracer
AgeOfY
9:55 Loom
11:42 Feudal Age
13:01 Double-Bit Axe
18:59 Castle Age
24:50 Wheelbarrow
25:03 Fletching
37:41 Horse Collar
41:57 Bloodlines
43:43 Bodkin Arrow
44:10 Husbandry
48:25 Padded Archer Armor
49:47 Ballistics
55:35 Leather Archer Armor
57:55 Imperial Age
56:08 Bow Saw
56:03 Heavy Plow
56:06 Murder Holes
56:47 Scale Barding Armor
57:15 Town Watch
57:50 Hand Cart
58:53 Chain Barding Armor
59:13 Parthian Tactics
59:54 Ring Archer Armor
60:06 Bracer
60:36 Fervor
62:58 Chemistry
65:07 Forging
Connection lost

Rejoining the realm…

Still unreachable

The connection could not be restored.

Session expired

The server has moved on; the page needs a fresh start.